cohdb
Replays
Latest Replays
All Replays
Popular Replays
Top Player Replays
Match Explorer
How It Works
Community
CoH3 Stats
Reddit
Sign in to upload your games and track your stats! →
Sign in with Steam
Match 42010569
Unlisted
Match 42010569
Overview
Messages
Build Orders
End
Royal Engineer Section
Construct Section Command Post
Infantry Section
Infantry Section
Infantry Section
Vickers Machine Gun Team
Construct Field Infirmary
Construct Platoon Command Post
Selects Heavy Armor Battlegroup
Selects Engineer Detachments
Royal Engineer Section
Humber Armored Car
Royal Engineer Section
6-pounder Anti-tank Gun Team
Unlock M3 Stuart Light Tanks
HulkSMASH
⚓️Ruby⚓
0
0
Comments
sign in to comment!
No comments posted yet!